 Dungeon Crawl Stone Soup version 0.30-a0-46-g5a63ccc183 (webtiles) character file.

Game seed: 8551330128615745720

20 MrFrogsmire the Trooper (level 2, -1/19 HPs)
             Began as a Gargoyle Berserker on Sept 2, 2022.
             Was a Follower of Trog.
             Slain by a worm (2 damage)
             ... on level 2 of the Dungeon.
             The game lasted 00:03:14 (468 turns).

MrFrogsmire the Trooper (Gargoyle Berserker)         Turns: 468, Time: 00:03:14

Health: -1/19      AC: 11    Str: 20    XL:     2   Next: 79%
Magic:  2/2        EV:  8    Int:  7    God:    Trog [*.....]
Gold:   41         SH:  0    Dex:  9    Spells: 1/1 levels left

rFire   x . .      SeeInvis .    a - +0 hand axe
rCold   + . .      Faith    .    (no shield)
rNeg    + . .      Spirit   .    f - +0 chain mail
rPois   ∞          Reflect  .    (no helmet)
rElec   +          Harm     .    (no cloak)
rCorr   .          Rampage  .    (no gloves)
Will    .....                    (no boots)
Stlth   ..........               (no amulet)
HPRegen 0.06/turn                c - ring of ice
MPRegen 0.08/turn                (no ring)

@: no status effects
A: sickness immunity, AC +2, negative energy resistance 1, electricity
resistance, torment resistance 1, petrification resistance
a: Renounce Religion, Berserk


You were on level 2 of the Dungeon.
You worshipped Trog.
Trog was aware of your devotion.
You visited 1 branch of the dungeon, and saw 2 of its levels.

You collected 41 gold pieces.

Inventory:

Hand Weapons
 a - a +0 hand axe (weapon)
Armour
 b - a +0 animal skin
 f - a +0 chain mail (worn)
Jewellery
 c - a ring of ice (left hand)
Potions
 d - a potion of degeneration {unknown}
 e - 3 potions of heal wounds {unknown}


   Skills:
 + Level 3.6 Fighting
 + Level 3.1 Axes
 + Level 2.3 Armour
 + Level 1.8 Dodging


You had one spell level left.
You didn't know any spells.
Your spell library was empty.

Dungeon Overview and Level Annotations

Branches:
Dungeon (2/15)

Altars:


Innate Abilities, Weirdness & Mutations

You are immune to sickness and miasma.
Your stone body is resilient. (AC +2)
You are immune to poison.
You resist negative energy. (rN+)
You are resistant to electric shocks. (rElec)
You are resistant to unholy torment.
You are immune to petrification.


Message History

The worm is moderately wounded.
You closely miss the hobgoblin. You hit the worm.
The hobgoblin barely misses you. The worm bites you but does no damage.
The worm closely misses you. The endoplasm closely misses you.
The hobgoblin hits you but does no damage.
You hit the worm.
The worm is moderately wounded.
You barely miss the worm. You hit the endoplasm.
You kill the endoplasm!
Trog accepts your kill.
You hit the hobgoblin but do no damage.
The hobgoblin hits you but does no damage.
You hit the worm.
The worm is heavily wounded.
You hit the hobgoblin. You hit the worm but do no damage.
The worm bites you but does no damage. The worm barely misses you.
The hobgoblin closely misses you.
You barely miss the worm.
The worm is moderately wounded.
You hit the hobgoblin. You barely miss the worm.
The hobgoblin hits you but does no damage.
The worm bites you. The worm bites you but does no damage.
You hit the worm but do no damage.
The worm is moderately wounded.
You hit the worm. You hit the hobgoblin.
You kill the hobgoblin!
Trog accepts your kill.
You hit the worm.
The worm is heavily wounded.
You barely miss the worm. The worm bites you. x2
* * * LOW HITPOINT WARNING * * *
You hit the worm.
The worm is severely wounded.
You hit the worm. The worm bites you.
* * * LOW HITPOINT WARNING * * *
The worm bites you but does no damage.
You hit the worm.
The worm is severely wounded.
You hit the worm. The worm bites you.
You die...

#######†#.# .....#
........#.######.....#
.......>.............#
#######.#......†######
.........####.#.#
#........# #.#.#
#........####.#.#######
.........†.......w....#
.........####...@w...!#
#.######## #.........#
#.# ##........# #..
#........# #.
#......!.# #........#
#........# ##########


You could see 2 worms.

Vanquished Creatures
  A dart slug (D:2)
  3 ball pythons
  A bat (D:1)
  2 endoplasms
  3 giant cockroaches
  3 hobgoblins (D:2)
  2 rats (D:1)
15 creatures vanquished.

Vanquished Creatures (others)
  10 demonic plants (D:1)
  6 fungi (D:1)
  3 plants (D:1)
  5 withered plants (D:1)
24 creatures vanquished.

Grand Total: 39 creatures vanquished

Notes
Turn   | Place    | Note
-------+----------+-------------------------------------------
     0 | D:1      | MrFrogsmire the Gargoyle Berserker began the quest for the
                  | Orb.
     0 | D:1      | Reached XP level 1. HP: 14/14 MP: 1/1
    59 | D:1      | Found a faded altar of an unknown god.
   305 | D:1      | Reached XP level 2. HP: 14/19 MP: 2/2
   391 | D:1      | You fall into a shaft and drop 1 floor!
   468 | D:2      | Slain by a worm

Illustrated notes

Levels and vault maps discovered:
D:1:      dpeg_arrival_radiant, layout_loops_ring, serial_shops, shop,
          shapermc_ecumenical_altar_gd
D:2:      layout_basic, uniq_sigmund

Skill      XL: |  1  2 |
---------------+-------+-----
Axes           | 3 |  3.1
Fighting       | |  3.6
Armour         | |  2.3
Dodging        | |  1.8

Action                   || total
-------------------------++-------
Melee: Hand axe          ||   100
       Punch             ||     3
Throw: Stone             ||     6
Armor: Animal skin       ||    11
       Chain mail        ||    23
Dodge: Dodged            ||    28

Table legend: (Time is in decaauts)
 A = Elapsed time spent in this place.
 B = Non-inter-level travel time spent in this place.
 C = Inter-level travel time spent in this place.
 D = Time resting spent in this place.
 E = Time spent auto-exploring this place.
 F = Levels seen in this place.
 G = Mean time per level.
                   A        B        C        D        E       F      G
               +--------+--------+--------+--------+--------+-----+--------+
         Total |    483 |    214 |    269 |      0 |      0 |   2 |  241.5 |
       Dungeon |    483 |    214 |    269 |      0 |      0 |   2 |  241.5 |
               +--------+--------+--------+--------+--------+-----+--------+

Top non-repeatable levels by time:
     D:1: 401 daAuts
     D:2: 81 daAuts
